 Dungeon Crawl Stone Soup version 0.30-a0-368-g86fb4627a9 (webtiles) character file.

Game seed: 18116125807474185253

65 MachoJfn the Insei (level 4, -4/25 HPs)
             Began as an Octopode Transmuter on Nov 18, 2022.
             Was a Follower of Hepliaklqana.
             Slain by a hobgoblin (6 damage)
             ... led by Robin
             ... on level 2 of the Dungeon.
             The game lasted 00:15:51 (2095 turns).

MachoJfn the Insei (Octopode Transmuter)            Turns: 2095, Time: 00:15:52

Health: -4/25      AC:  2    Str:  9    XL:     4   Next: 14%
Magic:  4/7        EV: 19    Int: 15    God:    Hepliaklqana [*.....]
Gold:   133        SH:  0    Dex: 17    Spells: 3/7 levels left

rFire   . . .      SeeInvis .      - Unarmed
rCold   . . .      Faith    .    (shield currently unavailable)
rNeg    . . .      Spirit   .    (helmet currently unavailable)
rPois   x          Reflect  .    (no amulet)
rElec   .          Harm     .    (no ring)
rCorr   .          Rampage  .    (no ring)
Will    .....                    (no ring)
Stlth   ++........               (no ring)
HPRegen 0.24/turn                (no ring)
MPRegen 0.10/turn                (no ring)
                                 (no ring)
                                 (no ring)

@: spider-form (expiring)
A: venomous fangs, reduced essence, almost no armour, (amphibious), 8 rings,
tiny, (camouflage 1), (gelatinous body 1), (nimble swimmer 1), (tentacles), weak
1
a: End Transformation, Renounce Religion, Recall Ancestor, Ancestor Identity


You were on level 2 of the Dungeon.
You worshipped Hepliaklqana.
Hepliaklqana was aware of your devotion.
You were a venomous arachnid creature.
You visited 1 branch of the dungeon, and saw 2 of its levels.

You collected 133 gold pieces.

Inventory:

Hand Weapons
 c - a +0 whip (melded)
Scrolls
 f - a scroll of poison {unknown}
 g - a scroll of teleportation
Potions
 a - a potion of lignification
 b - a potion of cancellation {unknown}
 d - a potion of attraction {unknown}


   Skills:
 + Level 1.2 Fighting
 + Level 1.0 Maces & Flails
 + Level 2.4 Dodging
 + Level 1.9 Stealth
 + Level 3.6 Unarmed Combat
 + Level 2.3 Spellcasting
 + Level 2.2 Transmutations


You had 3 spell levels left.
You knew the following spells:

 Your Spells              Type           Power      Damage    Failure   Level
a - Beastly Appendage     Tmut           16%        N/A       22%         1
b - Spider Form           Tmut/Pois      5%         N/A       61%         3

Your spell library contained the following spells:

 Spells                   Type           Power      Damage    Failure   Level
 Wereblood                Tmut           8%         N/A       30%         2
 Ice Form                 Ice/Tmut       5%         N/A       92%         4


Dungeon Overview and Level Annotations

Branches:
Dungeon (2/15)

Altars:
Hepliaklqana

Annotations:
D:2 Robin


Innate Abilities, Weirdness & Mutations

You are a venomous arachnid creature.
You have poisonous fangs.
You are tiny and dextrous.
Your spellcasting is less reliable in this form.
Your armour is entirely melded.
You are incapable of wielding weapons or throwing items.
Your life essence is reduced to manifest your ancestor. (-10% HP)
You cannot wear most types of armour.
((You are amphibious.))
You can wear up to eight rings at the same time.
((Your skin changes colour to match your surroundings (Stealth+).))
((Your rubbery body absorbs attacks. (AC +1, EV +1)))
((You are camouflaged when in or above water. (Stealth+)))
((You have tentacles for arms and can constrict up to eight enemies at once.))
You are weak. (Str -2)


Message History

The goblin barely misses you. The goblin hits you with a +0 dagger.
The goblin completely misses you.
Noah's Dad hits the worm.
You barely miss the goblin.
Your transformation is almost over.
The goblin hits you with a +0 dagger. x2; The goblin closely misses you.
A goblin comes into view. It is wielding a +0 dagger.
The worm bites Noah's Dad!
Noah's Dad hits the worm.
The goblin hits you with a +0 dagger. The goblin completely misses you.
The hobgoblin hits you but does no damage.
The hobgoblin hits Noah's Dad.
The goblin completely misses you. The goblin closely misses you.
Noah's Dad barely misses the hobgoblin.
The goblin unwields a +0 sling.
The goblin wields a +0 club.
The goblin completely misses you.
You see here a +0 dagger.
You closely miss the goblin.
The worm bites Noah's Dad.
The goblin hits you with a +0 dagger. The goblin completely misses you.
The hobgoblin barely misses Noah's Dad.
The hobgoblin hits you but does no damage.
The goblin misses you. The goblin closely misses you. x2
You hit the goblin.
You kill the goblin!
Noah's Dad hits the hobgoblin.
The hobgoblin dies!
The goblin closely misses you. The goblin completely misses you.
The hobgoblin barely misses you. The goblin hits you with a +0 dagger.
* * * LOW HITPOINT WARNING * * *
The goblin completely misses you. x2
Your Maces & Flails skill increases to level 1!
You hit Robin.
Robin is poisoned.
Robin is moderately wounded.
Noah's Dad hits Robin.
The goblin misses you.
The worm bites Noah's Dad.
Noah's Dad is destroyed!
The goblin hits you with a +0 dagger.
* * * LOW HITPOINT WARNING * * *
The hobgoblin completely misses you. The goblin completely misses you.
The goblin misses you. The goblin barely misses you.
It was a potion of mutation.
You feel extremely strange.
You feel weaker. The goblin misses you. The goblin closely misses you.
The hobgoblin hits you.
You die...

...............######......###...
.........####### ######.....##
.........# #######.## .........#
#........# .........# #....÷...#
.........# ############........'
#############..............))...#
......ggg............).#
....?ggsg..............#
.....†wgg........#######
.................# #.
.................# #.
...############### #. .. ## . ###


You could see a worm, Robin (very poisoned), a hobgoblin (strong) and 6 goblins.

Vanquished Creatures
  3 gnolls (D:2)
  A dart slug (D:1)
  3 endoplasms
  4 giant cockroaches
  3 hobgoblins (D:2)
  A quokka (D:1)
  5 ball pythons (D:1)
  A bat (D:2)
  2 frilled lizards (D:2)
  2 goblins (D:2)
  A kobold (D:1)
  2 rats
28 creatures vanquished.

Vanquished Creatures (collateral kills)
  A dart slug (D:2)
  2 goblins (D:2)
  A hobgoblin (D:2)
  A ball python (D:2)
  A rat (D:2)
6 creatures vanquished.

Vanquished Creatures (others)
  2 ancestors (D:2)
2 creatures vanquished.

Grand Total: 36 creatures vanquished

Notes
Turn   | Place    | Note
-------+----------+-------------------------------------------
     0 | D:1      | MachoJfn the Octopode Transmuter began the quest for the
                  | Orb.
     0 | D:1      | Reached XP level 1. HP: 13/13 MP: 3/3
   595 | D:1      | Found a faded altar of an unknown god.
   596 | D:1      | Upgraded the game from 0.30-a0-365-ge7f957f1db to
                  | 0.30-a0-368-g86fb4627a9
   599 | D:1      | Prayed at the altar of an unknown god.
   599 | D:1      | Became a worshipper of Hepliaklqana the Forgotten
   599 | D:1      | Reached * piety under Hepliaklqana
   665 | D:1      | Reached XP level 2. HP: 16/16 MP: 3/5
  1665 | D:2      | Reached skill level 1 in Stealth
  1665 | D:2      | Reached XP level 3. HP: 3/20 MP: 6/6
  2081 | D:2      | Noticed Robin
  2086 | D:2      | Reached XP level 4. HP: 25/25 MP: 7/7
  2086 | D:2      | Learned a level 3 spell: Spider Form
  2094 | D:2      | Reached skill level 1 in Maces & Flails
  2095 | D:2      | Gained mutation: You are weak. (Str -2) [potion of
                  | mutation]
  2095 | D:2      | Slain by a hobgoblin

Illustrated notes

Levels and vault maps discovered:
D:1:      dpeg_arrival_three_same_balls, layout_loops_corners,
          basic_ecumenical_altar
D:2:      layout_basic, uniq_robin

Skill      XL: |  1  2  3  4 |
---------------+-------------+-----
Stealth        | 1 |  1.9
Maces & Flails | 1 |  1.0
Fighting       | |  1.2
Dodging        | |  2.4
Unarmed Combat | |  3.6
Spellcasting   | |  2.3
Transmutations | |  2.2

Action                   |  1- 3 |  4- 6 || total
-------------------------+-------+-------++-------
Melee: Whip              |    57 |       ||    57
       Constrict         |    15 |       ||    15
       Tentacles         |    10 |       ||    10
       Punch             |     2 |       ||     2
       Kick              |     1 |       ||     1
       Unarmed           |       |     6 ||     6
 Cast: Beastly Appendage |     4 |       ||     4
       Spider Form       |       |     1 ||     1
Invok: Ancestor Identity |     1 |       ||     1
  Use: Scroll            |     3 |       ||     3
       Potion            |       |     1 ||     1
 Stab: Sleeping          |     4 |       ||     4
Armor: Skin              |     3 |     2 ||     5
Dodge: Dodged            |    41 |    24 ||    65

Table legend: (Time is in decaauts)
 A = Elapsed time spent in this place.
 B = Non-inter-level travel time spent in this place.
 C = Inter-level travel time spent in this place.
 D = Time resting spent in this place.
 E = Time spent auto-exploring this place.
 F = Levels seen in this place.
 G = Mean time per level.
                   A        B        C        D        E       F      G
               +--------+--------+--------+--------+--------+-----+--------+
         Total |   2098 |   1328 |    770 |    263 |    794 |   2 | 1049.0 |
       Dungeon |   2098 |   1328 |    770 |    263 |    794 |   2 | 1049.0 |
               +--------+--------+--------+--------+--------+-----+--------+

Top non-repeatable levels by time:
     D:1: 1459 daAuts
     D:2: 638 daAuts
